 Dungeon Crawl Stone Soup version 0.21.0-37-g46506fa (webtiles) character file.

207 Kurtz the Chopper (level 5, -3/36 HPs)
             Began as an Octopode Abyssal Knight on Jan 31, 2018.
             Was a Believer of Lugonu.
             Slain by a wight
             ... wielding a cursed +5 flail
              (12 damage)
             ... on level 6 of the Dungeon.
             The game lasted 00:02:36 (2585 turns).

Kurtz the Chopper (Octopode Abyssal Knight)         Turns: 2585, Time: 00:02:36

Health: -3/36      AC:  1    Str: 12    XL:     5   Next: 85%
Magic:  6/6        EV: 13    Int: 14    God:    Lugonu [**....]
Gold:   67         SH:  0    Dex: 12    Spells: 4/4 levels left

rFire    + . .     SeeInvis .   c - +2 battleaxe (freeze)
rCold    x . .     Gourm    .   (shield currently unavailable)
rNeg     . . .     Faith    .   (helmet restricted)
rPois    .         Spirit   .   (no amulet)
rElec    .         Reflect  .   j - ring of fire
rCorr    .         Harm     .   n - ring of flight
MR       .....                  (no ring)
Stlth    ++........             (no ring)
HPRegen  0.12/turn              (no ring)
MPRegen  0.10/turn              (no ring)
                                (no ring)
                                (no ring)

@: drained
A: almost no armour, stealthy swim, amphibious, 8 rings, constrict 8, camouflage
1, gelatinous body 1
a: Depart the Abyss, Bend Space, Renounce Religion, Evoke Flight


You were on level 6 of the Dungeon.
You worshipped Lugonu.
Lugonu was pleased with you.
You were not hungry.

You visited 1 branch of the dungeon, and saw 6 of its levels.
You visited the Abyss 1 time.

You collected 187 gold pieces.
You spent 120 gold pieces at shops.

Inventory:

Hand Weapons
 a - a +1 spear
 c - a +2 battleaxe of freezing (weapon)
Missiles
 e - 3 javelins (quivered)
Jewellery
 j - a ring of fire (left tentacle)
 n - a ring of flight (right tentacle)
Wands
 r - a wand of random effects (32)
Scrolls
 g - 5 scrolls of identify {unknown}
 k - 2 scrolls of teleportation {unknown}
 l - 2 scrolls of magic mapping
 m - 2 scrolls of remove curse {unknown}
 o - a scroll of fear {unknown}
 q - a scroll of enchant armour {unknown}
Potions
 d - a potion of invisibility {unknown}
 f - a potion of brilliance {unknown}
 h - a potion of curing
 i - a potion of heal wounds {unknown}
Books
 s - a book of Debilitation

   Spells                             Type                      Level
   a - Corona                         Hexes                        1
   b - Slow                           Hexes                        2
   c - Inner Flame                    Hexes/Fire                   3
   d - Portal Projectile              Hexes/Translocation          3
   e - Cause Fear                     Hexes                        4
   f - Leda's Liquefaction            Hexes/Earth                  4
Comestibles
 b - 11 rations


   Skills:
 - Level 3.0(2.6) Fighting
 * Level 5.4(5.2) Axes
 - Level 2.0(3.6) Polearms
 - Level 2.3(2.0) Dodging
 - Level 2.0(1.6) Invocations


You had 4 spell levels left.
You didn't know any spells.

Dungeon Overview and Level Annotations

Branches:
Dungeon (7/15)
 Temple: D:4-7

Altars:
Gozag
Kikubaaqudgha
Uskayaw

Shops:
D:6 *   D:7 %


Innate Abilities, Weirdness & Mutations

You cannot wear most types of armour.
You are very stealthy in the water. (Stealth+)
You are amphibious.
You can wear up to eight rings at the same time.
You can use your tentacles to constrict eight enemies at once.
Your skin changes colour to match your surroundings (Stealth+).
Your rubbery body absorbs attacks. (AC +1, EV +1)


Message History

Things that are here:
an enchanted flail; a robe You hit the wight.
Your grab misses the wight.
The wight is moderately damaged.
The wight barely misses you.
You barely miss the wight. You grab the wight.
The wight is moderately damaged.
You constrict the wight, but do no damage.
The wight hits you with an enchanted flail!
You feel drained.
* * * LOW HITPOINT WARNING * * *
You are too injured to fight recklessly!
You are too injured to fight recklessly!
Unknown command.
You hit the wight.
You squeeze the wight, but do no damage.
The wight is moderately damaged.
You constrict the wight, but do no damage.
The wight hits you with an enchanted flail!
You die...

#......## #.
........## #.##
(.......(## ..#
..........# #.#
..........# #.###
S..?......####...####
...........##.......#
...........##...>...#
#........#z@∩.......#
.........z##........#
...>......###.......#
........$.# #.......#
...(....... #[...(..#
...........#####.####
#........... ###
.....##


You could see 2 wights.

Vanquished Creatures
  A wight (D:6)
  Terence (D:2)
  A hound skeleton (D:6)
  6 adders
  A worm (D:3)
  2 leopard geckos (D:3)
  An orc (D:3)
  6 bats
  5 giant cockroaches
  6 goblins
  5 hobgoblins
  6 jackals
  4 quokkas
  2 ball pythons
  5 frilled lizards
  10 kobolds
  9 rats
71 creatures vanquished.

Notes
Turn   | Place    | Note
-------+----------+-------------------------------------------
     0 | Abyss:1  | Kurtz the Octopode Abyssal Knight began the quest for the Orb.
     0 | Abyss:1  | Reached XP level 1. HP: 16/16 MP: 2/2
    37 | Abyss:2  | Noticed a ynoxinul
    39 | Abyss:2  | Noticed a large abomination
    54 | Abyss:2  | Noticed a thrashing horror
    55 | Abyss:2  | Noticed a thrashing horror
    57 | D:1      | Escaped the Abyss
    76 | D:1      | Reached skill level 1 in Axes
    79 | D:1      | Reached * piety under Lugonu
   140 | D:1      | Reached XP level 2. HP: 19/21 MP: 3/3
   541 | D:1      | Reached skill level 2 in Axes
   937 | D:2      | Reached XP level 3. HP: 19/26 MP: 4/4
  1011 | D:2      | Reached skill level 3 in Axes
  1221 | D:2      | Noticed Terence
  1229 | D:2      | Killed Terence
  1229 | D:2      | Reached XP level 4. HP: 14/31 MP: 5/5
  1493 | D:2      | Reached skill level 4 in Axes
  1494 | D:2      | Reached ** piety under Lugonu
  1518 | D:2      | Found an opulent altar of Gozag.
  1518 | D:2      | Found a hide-covered altar of Uskayaw.
  1715 | D:3      | Found an ancient bone altar of Kikubaaqudgha.
  1764 | D:3      | Reached XP level 5. HP: 31/36 MP: 6/6
  2396 | D:4      | You fall through a shaft for 3 floors!
  2401 | D:7      | Noticed an ice beast
  2419 | D:7      | Found Fulofiv's Food Emporium.
  2427 | D:7      | Noticed an ogre
  2432 | D:6      | Found Piumn's General Store.
  2554 | D:6      | Bought a scroll of magic mapping for 38 gold pieces
  2554 | D:6      | Bought a scroll of enchant weapon for 82 gold pieces
  2579 | D:6      | Reached skill level 5 in Axes
  2585 | D:6      | Slain by a wight

Skill      XL: |  1  2  3  4  5 |
---------------+----------------+-----
Axes           | 1 2 3 4 5 |  5.4
Fighting       | |  3.0
Polearms       | |  2.0
Dodging        | |  2.3
Invocations    | |  2.0

Action                   |  1- 3 |  4- 6 || total
-------------------------+-------+-------++-------
Melee: Battleaxe         |    53 |    71 ||   124
       Constrict         |    10 |    17 ||    27
       Tentacles         |     8 |     6 ||    14
Invok: Depart the Abyss  |     1 |       ||     1
  Use: Potion            |     1 |       ||     1
       Scroll            |       |     2 ||     2
 Stab: Sleeping          |     6 |     6 ||    12
  Eat: Chunk             |     1 |     4 ||     5
Armor: Skin              |     6 |    10 ||    16
Dodge: Dodged            |    30 |    65 ||    95
